 Dungeon Crawl Stone Soup version 0.28-a0-1435-g82390b3a13 (webtiles) character file.

Game seed: 17674117824394732846

363657 Hasart the Worldbinder (level 23, -3/111 (118) HPs)
             Began as a Kobold Summoner on Jan 8, 2022.
             Was the Champion of Hepliaklqana.
             Slain by a sun demon (7 damage)
             ... on level 4 of the Depths on Jan 9, 2022.
             The game lasted 03:38:08 (67671 turns).

Hasart the Worldbinder (Kobold Summoner)           Turns: 67671, Time: 03:38:10

HP:   -3/111 (118)  AC: 14    Str:  7    XL:     23   Next: 54%
MP:   45/45         EV: 22    Int: 37    God:    Hepliaklqana [******]
Gold: 1147          SH:  0    Dex: 20    Spells: 4/58 levels left

rFire   + . .      SeeInvis +   K - +3 mace of Peosiffa {flame, rC+ Int+4 Dex+4}
rCold   + + +      Faith    .   (no shield)
rNeg    . . .      Spirit   .   e - +1 leather armour of Action {rC+ Regen+}
rPois   +          Reflect  .   b - -1 helmet of Theory {Contam rPois rC+ Int+4}
rElec   +          Harm     .   g - +2 cloak of the Thief {*Fog Slay-2 SInv Stlth+}
rCorr   .          Rampage  .   E - +2 pair of gloves of Niloba {rElec rPois}
Will    ++...      Clarity  +   Z - +2 pair of boots {Fly}
Stlth   ++++......              r - amulet of Otaerral {RegenMP Int+4}
HPRegen 1.08/turn               M - ring of protection from fire
MPRegen 0.69/turn               x - ring of wizardry

@: flying, studying 2 skills, drained
A: reduced essence, small, no large weapons, nightstalker 3, clarity,
strong-willed 1
}: 2/15 runes: serpentine, gossamer
a: Renounce Religion, Recall Ancestor, Ancestor Identity, Transference, Idealise


You were on level 4 of the Depths.
You worshipped Hepliaklqana.
Hepliaklqana was exalted by your worship.
You visited 8 branches of the dungeon, and saw 39 of its levels.
You also visited: Bailey, Gauntlet and Volcano.

You collected 3942 gold pieces.
You spent 2795 gold pieces at shops.

Inventory:

Hand Weapons
 K - the +3 mace of Peosiffa (weapon) {flame, rC+ Int+4 Dex+4}
   (You found it in a Gauntlet)

   It burns those it strikes, dealing additional fire damage.
   Int:       It affects your intelligence (+4).
   Dex:       It affects your dexterity (+4).
   rC:        It protects you from cold.
 S - the +2 flail of Karma {vorpal, rC++ rN+}
   (You found it on level 4 of the Lair of Beasts)

   It inflicts extra damage upon your enemies.
   rC:        It greatly protects you from cold.
   rN:        It protects you from negative energy.
 W - the +8 trident of the Octopus King {venom, rElec rPois}
   (You found it on level 6 of the Lair of Beasts)

   It poisons the flesh of those it strikes.
   rElec:     It insulates you from electricity.
   rPois:     It protects you from poison.
Missiles
 h - 8 throwing nets
Armour
 b - the -1 helmet of Theory (worn) {Contam rPois rC+ Int+4}
   (You bought it in a shop on level 2 of the Snake Pit)

   Int:       It affects your intelligence (+4).
   rC:        It protects you from cold.
   rPois:     It protects you from poison.
   Contam:    It causes magical contamination when unequipped.
 e - the +1 leather armour of Action (worn) {rC+ Regen+}
   (You bought it in a shop on level 2 of the Snake Pit)

   rC:        It protects you from cold.
   Regen:     It increases your rate of health regeneration.
 g - the +2 cloak of the Thief (worn) {*Fog Slay-2 SInv Stlth+}
   (You bought it in a shop on level 2 of the Snake Pit)

   It may release a thick cloud of smoke when the wearer is hurt.
   Slay:      It affects your accuracy & damage with ranged weapons and melee
   (-2).
   SInv:      It lets you see invisible.
   Stlth:     It makes you more stealthy.
 s - a +2 robe of resistance
 E - the +2 pair of gloves of Niloba (worn) {rElec rPois}
   (You found it on level 11 of the Dungeon)

   rElec:     It insulates you from electricity.
   rPois:     It protects you from poison.
 P - a +2 cloak of willpower
 X - the +5 robe "Utofy" {Regen+}
   (You took it off a deep elf archer on level 3 of the Elven Halls)

   Regen:     It increases your rate of health regeneration.
 Y - the +3 cloak of Essaugun {*Slow rF+ rC+++ SInv}
   (You found it on level 3 of the Elven Halls)

   rF:        It protects you from fire.
   rC:        It renders you almost immune to cold.
   SInv:      It lets you see invisible.
   *Slow:     It may slow you when you take damage.
 Z - a +2 pair of boots of flying (worn)
Jewellery
 d - a ring of willpower
 j - a +6 ring of intelligence
 p - the ring "Agehifikli" {Drain rF+ rN+ Will+ Dex+6}
   (You took it off a vampire mage on level 15 of the Dungeon)

   [ring of dexterity]

   Dex:       It affects your dexterity (+6).
   rF:        It protects you from fire.
   rN:        It protects you from negative energy.
   Drain:     It drains your maximum health when unequipped.
   Will:      It increases your willpower.
 r - the amulet of Otaerral (around neck) {RegenMP Int+4}
   (You took it off a deep elf pyromancer on level 3 of the Elven Halls)

   [amulet of magic regeneration]

   It increases your rate of magic regeneration.
   Int:       It affects your intelligence (+4).
 t - the ring "Foicw" {rElec rC+ Int+2 Slay+2}
   (You took it off a deep elf archer on level 3 of the Elven Halls)

   [ring of protection from cold]

   Int:       It affects your intelligence (+2).
   Slay:      It affects your accuracy & damage with ranged weapons and melee
   (+2).
   rC:        It protects you from cold.
   rElec:     It insulates you from electricity.
 u - an amulet of regeneration
 w - a +4 ring of protection
 x - a ring of wizardry (right hand)
 D - an amulet of reflection
 H - a ring of protection from cold
 I - a ring of resist corrosion
 L - the ring "Laphu Vup" {rF+ rN+ rCorr Int-4 Slay+3}
   (You found it on level 2 of the Depths)

   [ring of positive energy]

   Int:       It affects your intelligence (-4).
   Slay:      It affects your accuracy & damage with ranged weapons and melee
   (+3).
   rF:        It protects you from fire.
   rN:        It protects you from negative energy.
   rCorr:     It protects you from acid and corrosion.
 M - a ring of protection from fire (left hand)
Wands
 c - a wand of iceblast (21)
 l - a wand of digging (12)
 v - a wand of paralysis (18)
 C - a wand of acid (36)
 O - a wand of mindburst (13)
Scrolls
 a - a scroll of amnesia
 i - 10 scrolls of magic mapping
 o - a scroll of enchant armour
 q - 21 scrolls of teleportation
 y - 3 scrolls of fog
 z - 22 scrolls of identify
 A - 6 scrolls of blinking
 B - a scroll of silence
 R - 6 scrolls of fear
 T - 4 scrolls of enchant weapon
Potions
 f - 2 potions of brilliance
 k - 3 potions of cancellation
 m - 7 potions of resistance
 n - 8 potions of curing
 F - 4 potions of lignification
 G - 5 potions of magic
 J - a potion of haste
 N - 2 potions of mutation
 Q - a potion of heal wounds
 U - 9 potions of ambrosia
 V - 2 potions of invisibility


   Skills:
 - Level 10.0 Fighting
 - Level 5.0 Polearms
 - Level 4.0 Armour
 - Level 12.0 Dodging
 - Level 2.9 Stealth
 + Level 18.2 Spellcasting
 + Level 0.3 Conjurations
 - Level 10.0 Hexes
 - Level 21.0 Summonings
 - Level 14.0 Translocations
 - Level 8.0 Transmutations
 * Level 14.9 Fire Magic
 - Level 5.0 Air Magic
 - Level 8.0 Invocations
 - Level 8.0 Evocations


You had 4 spell levels left.
You knew the following spells:

 Your Spells              Type           Power      Damage    Failure   Level
a - Summon Mana Viper     Hex/Summ       99%        N/A       1%          5
b - Ignition              Fire           48%        3d14      9%          8
c - Call Canine Familiar  Summ           100%       N/A       0%          3
d - Summon Lightning Spi  Summ/Air       92%        N/A       1%          4
e - Summon Forest         Summ/Tloc      52%        N/A       1%          5
f - Malign Gateway        Summ/Tloc      52%        N/A       1%          7
g - Swiftness             Air            63%        N/A       1%          3
h - Passage of Golubria   Tloc           95%        N/A       1%          4
i - Fire Storm            Conj/Fire      37%        8d9       100%        9
s - Summon Cactus Giant   Summ           56%        N/A       1%          6

Your spell library contained the following spells:

 Spells                   Type           Power      Damage    Failure   Level
 Apportation              Tloc           100%       N/A       0%          1
 Summon Small Mammal      Summ           100%       N/A       0%          1
 Call Imp                 Summ           100%       N/A       0%          2
 Scorch                   Fire           100%       2d10      0%          2
 Gell's Gravitas          Tloc           95%        N/A       0%          3
 Summon Guardian Golem    Hex/Summ       99%        N/A       0%          3
 Teleport Other           Tloc           95%        N/A       0%          3
 Animate Skeleton         Necr           66%        N/A       1%          1
 Magic Dart               Conj           100%       1d8       1%          1
 Passwall                 Tmut/Erth      49%        N/A       1%          2
 Frozen Ramparts          Ice            66%        1d8       1%          3
 Mephitic Cloud           Conj/Pois/Air  46%        N/A       1%          3
 Tukima's Dance           Hex            82%        N/A       1%          3
 Sticky Flame             Conj/Fire      74%        2d9       1%          4
 Olgreb's Toxic Radiance  Pois           33%        N/A       6%          4
 Manifold Assault         Tloc           95%        N/A       1%          5
 Yara's Violent Unravell  Hex/Tmut       39%        3d16      1%          5
 Dispersal                Tloc           47%        N/A       1%          6
 Alistair's Intoxication  Tmut/Pois      39%        N/A       3%          5
 Disjunction              Tloc           47%        N/A       12%         8
 Borgnjor's Vile Clutch   Necr/Erth      16%        N/A       16%         5
 Eringya's Noxious Bog    Tmut/Pois      29%        N/A       16%         6
 Storm Form               Tmut/Air       34%        N/A       32%         7
 Maxwell's Capacitive Co  Air            31%        ∞         98%         8
 Chain Lightning          Conj/Air       26%        3d34      100%        9
 Shatter                  Erth           16%        3d16*     100%        9


Dungeon Overview and Level Annotations

Branches:
Dungeon (15/15)            Temple (1/1) D:4            Lair (6/6) D:11
  Snake (4/4) Lair:2       Spider (4/4) Lair:3        Slime (0/5) Lair:5
    Orc (2/2) D:9             Elf (3/3) Orc:2        Vaults (0/5) D:14
 Depths (3/4) D:15         Bailey (visited)         Volcano (visited)
Gauntlet (visited)

Altars:
Ashenzari
Cheibriados
Dithmenos
Elyvilon
Fedhas
Gozag
Hepliaklqana
Kikubaaqudgha
Makhleb
Nemelex Xobeh
Okawaru
Qazlal
Ru
Sif Muna
Trog
Uskayaw
Vehumet
Wu Jian
Xom
Yredelemnul
Zin
The Shining One
Beogh
Jiyva

Shops:
Orc:2 [[*:   Elf:3 (   Snake:1 *[[!   Snake:2 (?![   Snake:3 :=:

Portals:
Hell: Depths:1 Depths:2
Pandemonium: Depths:1 Depths:2
Trove: Depths:3 (give 2 scrolls of acquirement)

Annotations:
D:8 1 runed translucent door
Snake:1 6 transporters
Depths:2 3 runed translucent doors, Liplow's ghost, journeyman GrFi
Depths:3 3 runed translucent doors


Innate Abilities, Weirdness & Mutations

Your life essence is reduced to manifest your ancestor. (-10% HP)
You are small and have problems with some larger weapons.
You are completely attuned to the shadows.
You possess an exceptional clarity of mind.
You are strong-willed. (Will+)


Message History

The tengu warrior pecks your eldritch tentacle but does no damage.
The tengu warrior claws your eldritch tentacle but does no damage.
Your eldritch tentacle slaps the tengu warrior!!
Your eldritch tentacle shocks the tengu warrior!
The tengu warrior dies!
A hell hog, a stone giant and a sun demon come into view.
The stone giant shouts!
The hell hog squeals angrily.
You hear a shout!
The hell hog breathes fire at you.
The fireball explodes!
The fireball engulfs you! You resist.
The fireball engulfs your eldritch tentacle segment.
Your eldritch tentacle segment completely resists.
The fireball engulfs your eldritch tentacle.
Your eldritch tentacle completely resists.
A soul eater comes into view.
The soul eater draws from the surrounding life force!
A balrug comes into view.
It is wielding a +2 demon whip of electrocution.
You hear an angry buzzing noise. x3; You hear a deafening roar!
You hear a roar!
You hear a shout!
Unknown command.
A shadow dragon comes into view.
The stone giant throws a large rock.
The large rock hits you!!!
With a swish of your cloak, you release a cloud of fog.
Unknown command.
Something hits your eldritch tentacle.
Your eldritch tentacle is engulfed in flames.
Your eldritch tentacle completely resists.
Unknown command.
Something hits your eldritch tentacle!!
Your eldritch tentacle is engulfed in flames.
Your eldritch tentacle completely resists.
Something hits your eldritch tentacle! x2
Unknown command.
The shadow dragon breathes negative energy at you.
The bolt of negative energy hits you!!!
You feel drained.
* * * LOW HITPOINT WARNING * * *
The balrug gestures at you. Something smites you!
* * * LOW HITPOINT WARNING * * *
The sun demon hits you!
You die...

,,,,,,≈≈≈≈,.C.§§.§.§...,****+*
,,,,,≈≈≈≈≈≈§.§.§§§§....,,,,,,*
,,,,,≈≈≈≈≈≈§§§.§§§§....,,,****
,,,,≈≈≈,≈≈≈≈≈§3w│C§§§..,,,*
,,,≈≈≈,,,,,2§≈§.§*§§§..,***
,,,≈≈≈,,∩,§3§≈≈≈§§§§§..**
,≈≈≈≈≈,,,,,h≈§§2§§D§§..,*
,,≈≈≈≈≈≈≈≈≈3≈§≈§3......,*
,,,,≈≈≈≈≈≈≈§≈...@......,*
,,,,,≈≈≈≈≈≈.§..^.§§§§..,*
,,,,,≈≈≈≈,,,§....≈≈.§..,*
,,,,,≈,,,,,,...≈§§§§..,,*
,,,,≈≈≈,,,,,...§§≈≈.,,***
,,,,≈≈,,,,*,*,,,≈≈,,***
,,,,,,,,,**,*,,,,,,**
,,,,≈≈,,****,,****,* ***,,,,**
**** ***


You could see a shadow dragon (catching breath), a balrug and a sun demon.

Vanquished Creatures
  A spark wasp (Depths:1)
  A naga warrior (Snake:4)
  A deep troll earth mage (Depths:3)
  A tengu warrior (Depths:2)
  An orc high priest (Orc:2)
  2 deep elf knights (D:13)
  An iron troll (Depths:3)
  2 deep trolls (Depths:3)
  A naga ritualist (Snake:4)
  A necromancer (Depths:3)
  An orc sorcerer (D:13)
  2 cyclopes (D:11)
  A cane toad (Lair:6)
  3 kobold demonologists (D:13)
  A rime drake (Lair:4)
  A queen bee (Lair:5)
  3 trolls
  A meliai (Lair:5)
  A slime creature (D:13)
  3 jumping spiders
  3 culicivoras
  A fire elemental (Elf:3)
  A wyvern (Lair:3)
  A wraith (D:11)
  8 redbacks
  6 orc warriors
  3 centaurs
  An ogre (Orc:2)
  2 wolves (Lair:1)
  A kobold brigand (D:8)
  3 bullfrogs
  A cane toad simulacrum (Gauntlet)
  4 hexers
  A water moccasin skeleton (D:6)
  2 killer bees (D:6)
  2 wights
  5 howler monkeys
  A centaur zombie (D:7)
  7 orc priests
  A gnoll shaman (D:6)
  A bullfrog skeleton (D:4)
  A centaur skeleton (D:7)
  An iron imp (Gauntlet)
  7 orc wizards
  A killer bee zombie (D:8)
  2 hound skeletons
  A howler monkey skeleton (D:3)
  3 adders
  A gnoll (D:10)
  An ufetubus (D:5)
  A worm (D:3)
  3 dart slugs
  15 orcs
  6 ball pythons
  4 bats
  3 endoplasms
  2 giant cockroaches
  5 goblins
  4 hobgoblins
  A jackal (D:5)
  2 quokkas (D:1)
  2 frilled lizards (D:1)
  9 kobolds
  5 rats
164 creatures vanquished.

Vanquished Creatures (collateral kills)
  Mennas (Depths:3)
  Boris (Depths:3)
  Bai Suzhen (Elf:3)
  Vashnia (Snake:3)
  Nikola (Snake:3)
  A golden dragon (Depths:2)
  Arachne (Spider:3)
  A tentacled monstrosity (Depths:2)
  Asterion (Elf:3)
  2 deep elf blademasters (Elf:3)
  A lich (Depths:2)
  2 deep elf master archers (Elf:3)
  A sphinx (Depths:2)
  Frances (Elf:1)
  Kirke (D:12)
  Donald (Orc:2)
  An eldritch tentacle (Depths:2)
  10 nagarajas
  4 fire giants
  5 emperor scorpions
  3 deep elf sorcerers (Elf:3)
  Louise (Elf:3)
  3 frost giants
  Aizul (Snake:3)
  4 ghost moths
  6 deep elf elementalists (Elf:3)
  An orc warlord (Orc:2)
  3 stone giants
  7 deep elf demonologists
  6 very ugly things
  2 broodmothers
  A minotaur (Gauntlet)
  7 entropy weavers
  A lorocyproca (Depths:1)
  A minotaur (shapeshifter) (Depths:1)
  7 deep elf annihilators
  13 spark wasps
  Snorg (D:12)
  6 deep elf death magi (Elf:3)
  4 ettins
  4 great orbs of eyes
  A merfolk javelineer (Depths:2)
  6 deep elf high priests
  7 fire dragons
  6 ice dragons
  14 naga warriors
  2 rakshasas
  15 hydras
  4 vault guards (D:14)
  8 boulder beetles
  2 jorogumos
  Fannar (Orc:1)
  A spriggan air mage (Depths:2)
  2 salamander tyrants
  A death knight (D:14)
  7 centaur warriors
  A catoblepas (Gauntlet)
  11 anacondas
  2 radroaches
  12 death yaks
  8 tengu warriors
  24 dancing weapons
  8 deep troll shamans
  3 death scarabs
  7 two-headed ogres
  6 deep troll earth magi
  7 shock serpents
  4 orc high priests
  A vampire mage (D:15)
  11 naga sharpshooters
  3 hell knights (Depths:3)
  A sun demon (Depths:2)
  18 deep elf knights
  A soul eater (Depths:1)
  A titan skeleton (Depths:3)
  5 skeletal warriors
  6 salamander mystics
  7 iron trolls
  8 pharaoh ants
  3 flayed ghosts
  A death drake (shapeshifter) (Depths:3)
  13 deep trolls
  19 orb spiders
  6 steelbarb worms
  11 deep elf archers
  Pikel (D:5)
  4 orc knights
  A sphinx zombie (D:15)
  A golden dragon skeleton (Depths:3)
  7 naga ritualists
  3 wizards
  15 ugly things
  A shadow dragon zombie (Depths:3)
  6 orc sorcerers
  25 deep elf pyromancers
  An iron dragon zombie (D:15)
  35 wolf spiders
  A stone giant zombie (D:15)
  3 necromancers
  20 deep elf zephyrmancers
  A shining eye (Spider:4)
  10 mana vipers
  A tengu skeleton (Depths:3)
  A faun (shapeshifter) (Elf:3)
  An oklob plant (Lair:3)
  4 manticores
  16 salamanders
  8 cyclopes
  3 moths of wrath
  6 molten gargoyles
  A rust devil (Gauntlet)
  Joseph (D:9)
  8 elephants
  5 guardian serpents
  34 black mambas
  A black mamba (shapeshifter) (D:15)
  8 gargoyles
  22 cane toads
  10 naga magi
  4 torpor snails
  3 unseen horrors
  12 demonic crawlers
  A kobold demonologist (D:12)
  5 komodo dragons
  12 rime drakes
  A freezing wraith (D:14)
  A yaktaur (shapeshifter) (D:15)
  4 tengu conjurers
  A hellwing (Depths:1)
  A guardian mummy (D:15)
  A red devil (Depths:1)
  A merfolk (shapeshifter) (Elf:2)
  2 polar bears (Lair:6)
  A wolf spider simulacrum (Gauntlet)
  4 tyrant leeches (Lair:6)
  9 trolls
  11 meliai
  34 tarantellas
  Grinder (D:5)
  3 slime creatures (D:13)
  5 hornets
  12 blink frogs
  An ettin zombie (D:15)
  A meliai zombie (D:11)
  12 spriggans (Lair:3)
  16 culicivoras
  42 jumping spiders
  2 shadows
  2 centaur simulacra
  4 air elementals
  Sigmund (D:3)
  A vampire (D:11)
  7 wraiths
  4 wyverns
  A ynoxinul (Gauntlet)
  27 yaks
  5 basilisks
  A hog (D:12)
  A water elemental (Elf:3)
  5 vampire mosquitoes (Lair:6)
  2 fire elementals
  A chaos spawn (Depths:1)
  A redback (shapeshifter) (D:11)
  67 redbacks
  2 wargs
  9 steam dragons
  35 nagas
  16 water moccasins
  5 acid dragons
  A floating eye (D:12)
  A floating eye (shapeshifter) (Depths:2)
  45 orc warriors
  3 black bears
  An ice beast (D:5)
  12 ogres
  13 wolves
  A necrophage (D:4)
  3 boggarts (Lair:3)
  9 centaurs
  A phantom (D:5)
  2 kobold brigands (D:9)
  Blork the orc (D:4)
  16 bullfrogs
  5 gnoll sergeants
  A wyvern skeleton (D:6)
  2 earth elementals
  17 killer bees
  15 wights
  4 electric eels
  3 howler monkeys
  7 centaur zombies
  A bullfrog zombie (D:5)
  2 iron imps (Gauntlet)
  A jelly (D:5)
  A bullfrog skeleton (D:5)
  A centaur skeleton (D:6)
  2 hounds
  A gnoll shaman (D:4)
  25 orc priests
  Terence (D:3)
  An iguana (D:7)
  27 orc wizards
  A nameless horror (D:12)
  2 hound skeletons
  3 adders
  20 gnolls
  A shadow imp (D:6)
  2 white imps (D:6)
  An ufetubus (D:5)
  4 worms (D:2)
  A dart slug (D:1)
  79 orcs
  An endoplasm (D:2)
  3 goblins
  2 hobgoblins
  3 jackals (D:5)
  3 ball pythons
  A frilled lizard (D:1)
  20 kobolds
  A bush (Lair:3)
1444 creatures vanquished.

Vanquished Creatures (others)
  109 eldritch tentacles
  A ghost moth (Spider:4)
  A deep elf knight (Elf:2)
  A deep elf zephyrmancer (Elf:1)
  A cyclops (D:12)
  A salamander (Snake:3)
  A cane toad (Lair:6)
  A rime drake (Lair:4)
  A jumping spider (Spider:3)
  3 humans (D:12)
  A naga (Snake:3)
  A howler monkey (D:12)
  103 hexers
  7 ancestors
  An orc (Orc:2)
  42 fungi
  122 plants
  13 snaplasher vines
  4 withered plants (D:15)
414 creatures vanquished.

Grand Total: 2022 creatures vanquished

Notes
Turn   | Place    | Note
-------+----------+-------------------------------------------
     0 | D:1      | Hasart the Kobold Summoner began the quest for the Orb.
     0 | D:1      | Reached XP level 1. HP: 10/10 MP: 3/3
   722 | D:1      | Reached XP level 2. HP: 15/15 MP: 5/5
   728 | D:1      | Learned a level 2 spell: Call Imp
  1398 | D:1      | Reached XP level 3. HP: 19/19 MP: 6/6
  1419 | D:1      | Learned a level 3 spell: Call Canine Familiar
  1505 | D:2      | Identified the +3 ring mail of Xom's Hope {Int+5}
  2133 | D:2      | Found a shimmering blue altar of Sif Muna.
  2244 | D:2      | Reached XP level 4. HP: 11/24 MP: 4/8
  2589 | D:2      | Reached skill level 5 in Summonings
  3350 | D:3      | Reached XP level 5. HP: 19/28 MP: 5/10
  3924 | D:3      | Noticed Sigmund
  3951 | D:3      | Killed Sigmund
  3952 | D:3      | Reached skill level 6 in Summonings
  3952 | D:3      | Reached XP level 6. HP: 32/32 MP: 6/12
  4542 | D:3      | Noticed Terence
  4565 | D:3      | Killed Terence
  4567 | D:3      | Reached XP level 7. HP: 36/36 MP: 6/13
  4954 | D:4      | Learned a level 4 spell: Summon Lightning Spire
  4959 | D:4      | Noticed Blork the orc
  4979 | D:4      | Killed Blork the orc
  4989 | D:4      | Reached skill level 7 in Summonings
  5228 | D:4      | Found a large runed translucent door.
  5229 | D:4      | Found a large runed translucent door.
  5411 | D:4      | Found a staircase to the Ecumenical Temple.
  5430 | Temple   | Entered the Ecumenical Temple
  5667 | Temple   | Became a worshipper of Hepliaklqana the Forgotten
  5718 | D:4      | Reached skill level 1 in Air Magic
  6303 | D:4      | Reached XP level 8. HP: 30/41 MP: 7/15
  6308 | D:4      | Reached skill level 5 in Spellcasting
  7228 | D:5      | Entered Level 5 of the Dungeon
  7260 | D:5      | Reached skill level 8 in Summonings
  7470 | D:5      | Reached * piety under Hepliaklqana
  7688 | D:5      | Noticed Grinder
  7733 | D:5      | Killed Grinder
  7811 | D:5      | Noticed Pikel
  7826 | D:5      | Killed Pikel
  7827 | D:5      | Reached skill level 9 in Summonings
  7827 | D:5      | Reached XP level 9. HP: 40/40 MP: 13/18
  8561 | D:5      | Found a burning altar of Makhleb.
  8563 | D:5      | Noticed a balrug
  8564 | D:5      | Noticed a smoke demon
  8564 | D:5      | Noticed a smoke demon
  9396 | D:6      | Reached skill level 10 in Summonings
  9666 | D:6      | Reached skill level 5 in Air Magic
  9995 | D:6      | Reached XP level 10. HP: 31/45 MP: 18/20
 10211 | D:6      | Found a basalt altar of Yredelemnul.
 10222 | D:6      | Found a glowing silver altar of Zin.
 10335 | D:6      | Reached ** piety under Hepliaklqana
 10336 | D:6      | Remembered your ancestor Deja as a hexer
 11583 | D:7      | Reached skill level 11 in Summonings
 11793 | D:7      | Paralysed by a wight for 6 turns
 12488 | D:8      | Noticed a boulder beetle
 12532 | D:8      | Killed a boulder beetle
 13179 | D:8      | Found an ornate altar of the Wu Jian Council.
 13189 | D:8      | Reached skill level 12 in Summonings
 13339 | D:8      | Found a runed translucent door.
 13566 | D:8      | Reached *** piety under Hepliaklqana
 13815 | D:9      | Reached skill level 1 in Fighting
 13827 | D:9      | Reached skill level 1 in Polearms
 13827 | D:9      | Reached skill level 1 in Armour
 13837 | D:9      | Reached XP level 11. HP: 13/50 MP: 14/23
 13872 | D:9      | Noticed Joseph
 13877 | D:9      | Killed Joseph
 13889 | D:9      | Noticed a two-headed ogre
 13991 | D:9      | Found a flagged portal.
 14183 | Bailey   | Entered a bailey
 14432 | Bailey   | Found a large runed translucent door.
 14433 | Bailey   | Found a large runed translucent door.
 14433 | Bailey   | Noticed an orc knight
 14433 | Bailey   | Noticed a deep elf pyromancer
 14466 | Bailey   | Killed an orc knight
 14866 | Bailey   | Killed a deep elf pyromancer
 14880 | Bailey   | Identified the +2 plate armour of Fulog Fif {Int+5}
 15796 | D:9      | Killed a two-headed ogre
 16206 | D:9      | Found a staircase to the Orcish Mines.
 16213 | Orc:1    | Entered Level 1 of the Orcish Mines
 16567 | D:9      | Reached skill level 5 in Dodging
 16591 | D:9      | Reached skill level 13 in Summonings
 16907 | D:10     | Entered Level 10 of the Dungeon
 17451 | D:10     | Noticed a cyclops
 17457 | D:10     | Killed a cyclops
 17585 | D:10     | Reached **** piety under Hepliaklqana
 17762 | D:10     | Reached XP level 12. HP: 56/59 MP: 25/25
 18536 | D:11     | Identified the +2 pair of gloves of Niloba {rElec rPois}
 18673 | D:10     | Identified a scroll of acquirement
 18673 | D:10     | Acquired the Guide on the Voyage
 18738 | D:10     | Learned a level 5 spell: Summon Forest
 18862 | D:11     | Noticed a six-headed hydra
 19089 | Orc:2    | Entered Level 2 of the Orcish Mines
 19092 | Orc:2    | Noticed a two-headed ogre
 19101 | Orc:2    | Killed a two-headed ogre
 19102 | Orc:2    | Reached skill level 1 in Translocations
 19424 | Orc:1    | Noticed an orc high priest
 19435 | Orc:1    | Killed an orc high priest
 19460 | Orc:1    | Noticed Fannar
 19469 | Orc:1    | Killed Fannar
 19996 | Orc:1    | Reached ***** piety under Hepliaklqana
 20090 | Orc:1    | Found a shimmering blue altar of Sif Muna.
 20674 | Orc:2    | Reached skill level 5 in Fighting
 20747 | Orc:2    | Reached skill level 1 in Evocations
 20834 | Orc:2    | Learned a level 7 spell: Malign Gateway
 20875 | Orc:2    | Reached skill level 1 in Invocations
 20918 | Orc:2    | Found Ritwekkos's Armour Emporium.
 20938 | Orc:2    | Found Poet Sef's Armour Shoppe.
 21252 | Orc:2    | Noticed Donald
 21280 | Orc:2    | Killed Donald
 21281 | Orc:2    | Reached XP level 13. HP: 23/65 MP: 2/26
 21537 | Orc:2    | Reached skill level 10 in Spellcasting
 21606 | Orc:2    | Found Hapony's General Store.
 21683 | Orc:2    | HP: 1/66 [sun demon[an orc high priest] (17)]
 21683 | Orc:2    | Gained mutation: Armour fits poorly on your strangely
                  | shaped body. [a neqoxec]
 21686 | Orc:2    | Reached skill level 5 in Translocations
 21750 | Orc:2    | Lost mutation: Armour fits poorly on your strangely shaped
                  | body. [potion of mutation]
 21750 | Orc:2    | Gained mutation: You are dopey. (Int -2) [potion of
                  | mutation]
 21750 | Orc:2    | Gained mutation: You passively dampen the noise of your
                  | surroundings. [potion of mutation]
 21750 | Orc:2    | Lost mutation: You passively dampen the noise of your
                  | surroundings. [potion of mutation]
 21816 | Orc:2    | Noticed an orc warlord
 21994 | Orc:2    | Killed an orc warlord
 22286 | Orc:2    | Found Apho's Book Boutique.
 22291 | Orc:2    | Bought a book of the Wilderness for 684 gold pieces
 22298 | Orc:2    | Learned a level 6 spell: Summon Cactus Giant
 22743 | Orc:2    | Found a staircase to the Elven Halls.
 23407 | D:11     | Learned a level 3 spell: Swiftness
 23619 | D:11     | Noticed a six-headed hydra
 23637 | D:11     | Killed a six-headed hydra
 23764 | D:11     | Reached skill level 5 in Polearms
 23768 | D:11     | Reached skill level 14 in Summonings
 23774 | D:11     | HP: 3/68 [poisoned by a gnoll sergeant]
 23779 | D:11     | HP: 2/68 [poisoned by a gnoll sergeant]
 23878 | D:11     | Identified the +17 plate armour "Jighul" {rC+ Str+4 Dex-4}
 23889 | D:11     | Noticed a boulder beetle
 23898 | D:11     | Killed a boulder beetle
 23899 | D:11     | Reached XP level 14. HP: 72/72 MP: 16/28
 23900 | D:11     | Got Appumou's Reference Book on Supportive Ice
 23929 | D:11     | Reached skill level 5 in Evocations
 24509 | D:11     | Found a staircase to the Lair.
 24616 | D:12     | Noticed Kirke
 24617 | D:12     | Noticed Snorg
 24629 | D:12     | Killed Kirke
 24652 | D:12     | Killed Snorg
 24653 | D:12     | Reached skill level 5 in Invocations
 24913 | D:12     | Learned a level 5 spell: Summon Mana Viper
 25134 | D:12     | Paralysed by a floating eye for 4 turns
 25897 | D:12     | Reached skill level 15 in Summonings
 26554 | D:13     | Found a transporter.
 27036 | D:13     | Found a transporter.
 27388 | D:13     | Reached XP level 15. HP: 77/77 MP: 26/30
 27469 | D:13     | Reached skill level 1 in Hexes
 28506 | D:14     | Reached skill level 16 in Summonings
 28673 | D:14     | Found a gate to the Vaults.
 28724 | D:14     | Found the necklace of Bloodlust {*Rage Will++ Int-3 Slay+6}
 28861 | D:14     | Reached ****** piety under Hepliaklqana
 29283 | D:15     | Entered Level 15 of the Dungeon
 29478 | Lair:1   | Entered Level 1 of the Lair of Beasts
 29584 | Lair:1   | Found a gate leading to a gauntlet.
 29590 | Gauntlet | Entered a Gauntlet
 29590 | Gauntlet | Found a transporter.
 29595 | Gauntlet | Found a transporter.
 29607 | Gauntlet | Found a transporter.
 29627 | Gauntlet | Found a transporter.
 29631 | Gauntlet | Found a runed translucent door.
 29645 | Gauntlet | Found a transporter.
 29645 | Gauntlet | Found a transporter.
 29658 | Gauntlet | Found a transporter.
 29676 | Gauntlet | Found a transporter.
 29695 | Gauntlet | Found a transporter.
 29696 | Gauntlet | Found a transporter.
 29696 | Gauntlet | Found a runed translucent door.
 29714 | Gauntlet | Found a transporter.
 29714 | Gauntlet | Found a transporter.
 29872 | Gauntlet | Found a runed translucent door.
 29966 | Gauntlet | Identified the +3 mace of Peosiffa {flame, rC+ Int+4 Dex+4}
 30081 | Gauntlet | Identified the +1 helmet of Sorcery {rN+}
 30245 | Gauntlet | Identified the +6 dire flail of Qaenweal {vorpal, rPois
                  | Dex+3}
 30257 | Gauntlet | Reached skill level 10 in Translocations
 30264 | Gauntlet | Got the Catalogue of Torrid Poison
 32407 | Lair:2   | Found a staircase to the Snake Pit.
 32974 | Lair:3   | Reached XP level 16. HP: 64/82 MP: 26/32
 33509 | Lair:3   | Reached skill level 5 in Hexes
 33620 | Lair:3   | Found a blossoming altar of Fedhas.
 34182 | Lair:3   | Found a hole to the Spider Nest.
 35226 | Lair:4   | Reached skill level 17 in Summonings
 36094 | Lair:4   | Identified the +2 flail of Karma {vorpal, rC++ rN+}
 36671 | Lair:5   | Found a dark tunnel.
 36681 | Volcano  | Entered a volcano
 37226 | Volcano  | Noticed an orb of fire
 37289 | Volcano  | Noticed an orb of fire
 37722 | Lair:5   | Found a staircase to the Slime Pits.
 37723 | Lair:5   | Found a viscous altar of Jiyva.
 37860 | Lair:5   | Learned a level 5 spell: Yara's Violent Unravelling
 38521 | Lair:6   | Entered Level 6 of the Lair of Beasts
 38610 | Lair:6   | Reached skill level 1 in Transmutations
 38932 | Lair:6   | Reached XP level 17. HP: 70/86 MP: 23/34
 39114 | Lair:6   | Reached skill level 18 in Summonings
 39690 | Lair:6   | Found the +8 trident of the Octopus King {venom, rElec
                  | rPois}
 40172 | Lair:6   | Found a shimmering blue altar of Sif Muna.
 40901 | Spider:1 | Entered Level 1 of the Spider Nest
 43288 | Spider:2 | Reached XP level 18. HP: 92/92 MP: 24/35
 44977 | Spider:3 | Noticed Arachne
 44984 | Spider:3 | Killed Arachne
 45738 | Spider:3 | Reached skill level 5 in Transmutations
 45825 | Spider:3 | Reached skill level 19 in Summonings
 46355 | Spider:4 | Entered Level 4 of the Spider Nest
 47322 | Spider:4 | Reached XP level 19. HP: 50/97 MP: 22/37
 47338 | Spider:4 | Reached skill level 10 in Dodging
 49069 | Spider:4 | Got a gossamer rune of Zot
 49161 | Spider:4 | Lost mutation: You are dopey. (Int -2) [potion of mutation]
 49161 | Spider:4 | Gained mutation: You possess an exceptional clarity of
                  | mind. [potion of mutation]
 49161 | Spider:4 | Gained mutation: You are strong-willed. (Will+) [potion of
                  | mutation]
 49507 | Elf:1    | Entered Level 1 of the Elven Halls
 50115 | Elf:1    | Noticed Frances
 50131 | Elf:1    | Killed Frances
 51595 | Elf:2    | Reached XP level 20. HP: 104/104 MP: 27/38
 51822 | Elf:2    | Found a runed translucent gate.
 51823 | Elf:2    | Found a runed translucent gate.
 51825 | Elf:2    | Found a runed translucent gate.
 51859 | Elf:2    | Identified the +9 morningstar of Death {venom, Str-4 Int+6
                  | Stlth+}
 52658 | Elf:2    | Reached skill level 20 in Summonings
 52904 | Elf:2    | Reached skill level 10 in Fighting
 53326 | Elf:3    | Entered Level 3 of the Elven Halls
 53369 | Elf:3    | Noticed Louise
 53378 | Elf:3    | Killed Louise
 53430 | Elf:3    | Learned a level 4 spell: Passage of Golubria
 53549 | Elf:3    | Reached skill level 15 in Spellcasting
 53716 | Elf:3    | Noticed Asterion
 53722 | Elf:3    | Killed Asterion
 53882 | Elf:3    | Found Muiw's Antique Weapon Boutique.
 53887 | Elf:3    | Bought an encrusted broad axe for 198 gold pieces
 53887 | Elf:3    | Identified the +11 broad axe "Cumedeetz" {chaos, Will+}
                  | (You bought it in a shop on level 3 of the Elven Halls)
 54327 | Elf:3    | Reached skill level 10 in Hexes
 54547 | Elf:3    | Identified the amulet of Otaerral {RegenMP Int+4}
 54655 | Elf:3    | Identified the +7 trident "Siw Vaola" {spect, Int+6 Dex-2}
 54809 | Elf:3    | Learned a level 8 spell: Ignition
 54815 | Elf:3    | Identified the +4 hand axe "Embalmer" {spect, Stlth+}
 54963 | Elf:3    | Identified the +4 hand axe "Ydalaa" {vorpal, rPois Str+4}
 54975 | Elf:3    | Reached skill level 1 in Fire Magic
 55251 | Elf:3    | Identified the +5 robe "Utofy" {Regen+}
 55251 | Elf:3    | Identified the ring "Foicw" {rElec rC+ Int+2 Slay+2}
 55277 | Elf:3    | Reached XP level 21. HP: 16/109 MP: 21/40
 55570 | Elf:3    | Identified the +3 cloak of Essaugun {*Slow rF+ rC+++ SInv}
 55751 | Elf:3    | Upgraded the game from 0.28-a0-1429-gf3d713df7a to
                  | 0.28-a0-1435-g82390b3a13
 55983 | Elf:3    | Noticed Bai Suzhen
 56012 | Elf:3    | Killed Bai Suzhen
 56533 | Snake:1  | Entered Level 1 of the Snake Pit
 56605 | Snake:1  | You are sucked into a shaft and drop 1 floor!
 56605 | Snake:2  | Found Suciedi's Distillery.
 56605 | Snake:2  | Found Iqargheanu's Weapon Shoppe.
 56605 | Snake:2  | Found Ypnizoti's Antique Armour Emporium.
 56607 | Snake:2  | Bought a potion of curing for 45 gold pieces
 56607 | Snake:2  | Bought a potion of curing for 45 gold pieces
 56607 | Snake:2  | Bought a potion of magic for 120 gold pieces
 56608 | Snake:2  | Found Ewases's Magic Scroll Shoppe.
 56668 | Snake:2  | Bought a scroll of magic mapping for 56 gold pieces
 56668 | Snake:2  | Bought a scroll of amnesia for 56 gold pieces
 56668 | Snake:2  | Bought a scroll of teleportation for 48 gold pieces
 56681 | Snake:2  | Bought a masterwork helmet for 323 gold pieces
 56681 | Snake:2  | Identified the -1 helmet of Theory {Contam rPois rC+ Int+4}
                  | (You bought it in a shop on level 2 of the Snake Pit)
 56681 | Snake:2  | Bought a jewelled leather armour for 238 gold pieces
 56681 | Snake:2  | Identified the +1 leather armour of Action {rC+ Regen+}
                  | (You bought it in a shop on level 2 of the Snake Pit)
 56681 | Snake:2  | Bought the +2 cloak of the Thief {*Fog Slay-2 SInv Stlth+}
                  | for 683 gold pieces
 56681 | Snake:2  | Found the +2 cloak of the Thief {*Fog Slay-2 SInv Stlth+}
 57661 | Snake:2  | Reached skill level 5 in Fire Magic
 57700 | Snake:2  | Identified the +7 arbalest of the Muttering Vulture
                  | {vorpal, Int+2}
 58100 | Snake:1  | Found a transporter.
 58154 | Snake:1  | Found a transporter.
 58448 | Snake:1  | Identified the +1 leather armour of the Onion {Harm rPois
                  | rCorr Slay-3}
 58512 | Snake:1  | Found a transporter.
 58513 | Snake:1  | Found Piziosh's Distillery.
 58514 | Snake:1  | Found Ototaj's Antique Armour Shoppe.
 58517 | Snake:1  | Found Emnean's Antique Armour Shoppe.
 58518 | Snake:1  | Bought a potion of heal wounds for 80 gold pieces
 58518 | Snake:1  | Found Welonialu's General Store.
 58526 | Snake:1  | Bought a potion of curing for 54 gold pieces
 58539 | Snake:1  | Bought a shadowed robe for 165 gold pieces
 58539 | Snake:1  | Identified the +1 robe of Filth {Str-4 Int+5} (You bought
                  | it in a shop on level 1 of the Snake Pit)
 58620 | Snake:1  | Found a transporter.
 58750 | Snake:1  | Found a transporter.
 58766 | Snake:1  | Found a transporter.
 59097 | Snake:3  | Found Cifegosh's Book Boutique.
 59097 | Snake:3  | Found Vesoe's Book Boutique.
 59098 | Snake:3  | Found Kege Gadet's Jewellery Emporium.
 59247 | Snake:3  | Noticed Nikola
 59747 | Snake:3  | Noticed Vashnia
 59885 | Snake:3  | Killed Nikola
 59913 | Snake:3  | Noticed Aizul
 59924 | Snake:3  | Killed Aizul
 60303 | Snake:3  | Killed Vashnia
 60502 | Snake:4  | Entered Level 4 of the Snake Pit
 60747 | Snake:4  | Reached skill level 21 in Summonings
 61565 | Snake:4  | Reached XP level 22. HP: 92/114 MP: 35/42
 61751 | Snake:4  | Got a serpentine rune of Zot
 61763 | Snake:4  | Reached skill level 10 in Fire Magic
 62747 | D:15     | Found an iron altar of Okawaru.
 62922 | D:15     | Identified the ring "Agehifikli" {Drain rF+ rN+ Will+
                  | Dex+6}
 63000 | D:15     | Found a staircase to the Depths.
 63578 | Depths:1 | Entered Level 1 of the Depths
 64018 | Depths:1 | Found a one-way gate leading to the halls of Pandemonium.
 64611 | Depths:1 | Found a gateway to Hell.
 64927 | Depths:1 | Found a sparkling altar of Nemelex Xobeh.
 65925 | Depths:2 | Reached XP level 23. HP: 99/118 MP: 25/44
 66118 | Depths:2 | Found a shimmering altar of Xom.
 66335 | Depths:2 | Noticed a golden dragon
 66344 | Depths:2 | Killed a golden dragon
 66642 | Depths:2 | Found a runed translucent gate.
 66642 | Depths:2 | Found a runed translucent gate.
 66642 | Depths:2 | Found a runed translucent gate.
 66644 | Depths:2 | Found an ancient bone altar of Kikubaaqudgha.
 66645 | Depths:2 | Noticed a dread lich
 66646 | Depths:2 | Noticed Liplow's ghost (journeyman GrFi)
 66708 | Depths:2 | Identified the ring "Laphu Vup" {rF+ rN+ rCorr Int-4
                  | Slay+3}
 66974 | Depths:3 | Found a portal to a secret trove of treasure.
 67342 | Depths:3 | Noticed Boris
 67349 | Depths:3 | Noticed Mennas
 67355 | Depths:3 | Killed Boris
 67362 | Depths:3 | Killed Mennas
 67524 | Depths:3 | Found a runed translucent gate.
 67524 | Depths:3 | Found a runed translucent gate.
 67525 | Depths:3 | Found a runed translucent gate.
 67609 | Depths:3 | Learned a level 9 spell: Fire Storm
 67651 | Depths:3 | You are sucked into a shaft and drop 1 floor!
 67651 | Depths:4 | Entered Level 4 of the Depths
 67671 | Depths:4 | HP: 4/111 [balrug/divine providence (14)]
 67671 | Depths:4 | Slain by a sun demon

Illustrated notes

Levels and vault maps discovered:
D:1:      lemuel_arrival_room, layout_loops_corners, hangedman_decor_points,
          chequers_serial_rivers_marsh, minmay_close_crescents
D:2:      layout_basic, basic_altar
D:3:      layout_basic, uniq_sigmund, uniq_terence
D:4:      layout_cave_pools, minmay_temple_entry_mini_moons,
          ebering_ghost_disaster_area, minivault_19, kennysheep_big_empty_room,
          uniq_blork_the_orc
D:5:      layout_loops_corners, makhleb_altar_promises_db, grunt_decor_fettered,
          uniq_grinder, uniq_pikel
D:6:      layout_loops_ring, amethyst_overflow_temple_binary, st_stairs_4,
          serial_bayou_pond_e, minmay_checkerbox
D:7:      layout_basic
D:8:      layout_loops_cross, nicolae_wu_jian_immortal_techniques,
          lightli_church_of_beogh
D:9:      layout_rooms, orc_0_dummy, enter_bailey_8, uniq_joseph
D:10:     layout_stronghold
D:11:     minmay_the_grid_octo_2x2 [minmay_the_grid_octo_checkered,
          minmay_the_grid_octo_concentric, minmay_the_grid_octo_checkerflower,
          minmay_the_grid_octo_prize_ultimate_mussel_roller], layout_stronghold
D:12:     minmay_bloctagon_deflated, layout_basic, hangedman_glass_teeth,
          chequers_serial_rivers_micro_a, onia_ninara_cookie, uniq_snorg,
          uniq_kirke
D:13:     gammafunk_wand_slinger, layout_irregular_city
D:14:     layout_big_octagon, lightli_vaults_fourway_checkpoint
D:15:     gammafunk_depths_entry_grave, layout_irregular_city,
          okawaru_gym_becter
Temple:   dpeg_five_rooms_temple
Lair:1:   layout_small_grid, gauntlet_entry_generic, guppyfry_lair_drakes,
          lemuel_fruit_tree
Lair:2:   layout_gridlike, guppyfry_snake_entry_island, lemuel_another_geyser,
          grunt_megastairs_4
Lair:3:   kb_forest_paths, layout_chaotic_city, spider_nest_entry_a, tgw_fedhas
Lair:4:   layout_cave_pods, columned_hall_lemuel, bobbens_dragon_lair_wall
Lair:5:   layout_gridlike, slime_altar_1, nicolae_volcano_entry_lava_flow,
          special_room [special_room_bee]
Lair:6:   minmay_lair_end_frog_pond, layout_cave_pods, basic_altar,
          serial_bayou_shore_a
Snake:1:  layout_honeycomb, drop_trap, minmay_shop_grid_forest,
          grunt_ministairs_12, nicolae_snake_squiggles, serial_nicolae_subway,
          nicolae_sub_station_stone, nicolae_sub_station_crystal,
          nicolae_sub_station_metal
Snake:2:  layout_cave_shapes, grunt_megastairs_1, minmay_shoptagon
Snake:3:  layout_misc_corridors, grunt_megastairs_2, minmay_shop_grove,
          uniq_nikola, uniq_vashnia, uniq_aizul
Snake:4:  grunt_snake_rune_serpentine_throne, layout_grid_maze,
          serial_bayou_shore_b
Spider:1: layout_spider_delve, drop_trap
Spider:2: layout_spider_delve, nicolae_spider_webbed_stairs
Spider:3: cheibrodos_spider_silkery, nicolae_spider_jagged_tunnels, uniq_arachne
Spider:4: grunt_spider_rune_island, special_room, drop_trap,
          nicolae_spider_bzzzt
Orc:1:    layout_diamond_mine, kennysheep_orc_sif_temple, uniq_fannar
Orc:2:    pubby_orc_utopia, uniq_donald
Elf:1:    layout_loops_cross, kennysheep_underground_church, uniq_frances
Elf:2:    nicolae_elf_blades_splatter_lattice [mumra_blade_entry_bloodbath],
          layout_loops_cross
Elf:3:    elf_hall, layout_loops_corners, serial_shops,
          nicolae_shop_overgrown_old_shop, nicolae_fountain_basement,
          uniq_asterion, uniq_louise, uniq_bai_suzhen
Depths:1: layout_basic, grunt_hell_entry_dis_grunt,
          nemelex_xobeh_ov_fountains_minmay, rand_demon_pan_entry_7,
          lemuel_flamethrower_2
Depths:2: minmay_mutant_horseshoe, layout_gridlike, hangedman_geh_valley,
          gammafunk_ghost_crypt, serial_bayou_pond_e, grunt_pan_entry_sceptre,
          xom_confusion_cloud, infiniplex_staircase_pillars_1
Depths:3: minmay_isolated_rectangles_in_corner, layout_twisted_cross,
          pf_coc_iceberg, enter_trove_3, grunt_pan_entry_in_and_out,
          gammafunk_ghost_ooze, abyss_entry, infiniplex_staircase_door_maze,
          tgw_lugonu_bribe, uniq_boris, uniq_mennas
Depths:4: evilmike_zot_entry_basic, layout_cave_shapes, enter_ziggurat_b,
          nicolae_qazlal_style_of_elements, serial_shops,
          nicolae_shop_hallway_plus, hellmouth_3, eino_tiny_chamber

Skill      XL: |  1  2  3  4  5  6  7  8  9 10 11 12 13 14 15 16 17 18 19 20 21 22 23 |
---------------+----------------------------------------------------------------------+-----
Spellcasting   | 3 4 6 7 8 9 10 11 12 13 14 15 16 17 18 | 18.2
Summonings     | 5 6 7 9 10 12 13 14 15 16 17 18 19 20 21 | 21.0
Air Magic      | 1 4 5 |  5.0
Fighting       | 1 4 5 6 7 8 9 10 | 10.0
Dodging        | 3 5 6 8 9 10 12 | 12.0
Polearms       | 1 3 4 5 |  5.0
Armour         | 1 3 4 |  4.0
Translocations | 4 6 9 10 11 12 13 14 | 14.0
Evocations     | 2 4 5 6 7 8 |  8.0
Invocations    | 2 4 5 6 7 8 |  8.0
Hexes          | 4 6 7 8 9 10 | 10.0
Transmutations | 1 4 5 6 8 |  8.0
Fire Magic     | 2 8 13 14 | 14.9
Stealth        | |  2.9
Conjurations   | |  0.3

Action                   |  1- 3 |  4- 6 |  7- 9 | 10-12 | 13-15 | 16-18 | 19-21 | 22-24 || total
-------------------------+-------+-------+-------+-------+-------+-------+-------+-------++-------
Melee: Dagger            |   139 |   133 |   162 |       |       |       |       |       ||   434
       Unarmed           |     8 |       |       |       |       |       |       |       ||     8
       Punch             |       |     5 |     3 |       |     1 |     3 |     2 |       ||    14
       Trident           |       |       |    16 |   283 |   234 |       |       |       ||   533
       Mace              |       |       |       |       |    27 |   186 |    82 |    22 ||   317
 Cast: Summon Small Mamm |     1 |       |       |     2 |       |     1 |       |       ||     4
       Call Imp          |     9 |     4 |     9 |     4 |       |       |       |       ||    26
       Call Canine Famil |     1 |    15 |    35 |    70 |    28 |    15 |     4 |       ||   168
       Summon Lightning  |       |       |     5 |    18 |    11 |       |       |       ||    34
       Summon Forest     |       |       |       |    12 |    14 |     5 |    25 |    22 ||    78
       Summon Cactus Gia |       |       |       |       |    98 |   149 |   139 |    42 ||   428
       Summon Mana Viper |       |       |       |       |    42 |   100 |    65 |    21 ||   228
       Malign Gateway    |       |       |       |       |       |    22 |    50 |    39 ||   111
       Swiftness         |       |       |       |       |       |     1 |     1 |     1 ||     3
       Yara's Violent Un |       |       |       |       |       |     3 |       |       ||     3
       Ignition          |       |       |       |       |       |       |       |     3 ||     3
Invok: Ancestor Identity |       |       |     1 |       |       |       |       |       ||     1
       Ancestor Life: He |       |       |       |     1 |       |       |       |       ||     1
       Recall Ancestor   |       |       |       |     1 |       |       |     1 |       ||     2
Evoke: Wand              |       |       |       |     6 |     8 |       |     1 |       ||    15
  Use: Potion            |       |     1 |       |     3 |     6 |     2 |     2 |     1 ||    15
       Scroll            |       |       |       |    14 |     6 |     4 |     6 |     1 ||    31
 Stab: Sleeping          |    11 |     9 |    13 |     9 |     7 |     2 |       |     1 ||    52
       Distracted        |       |       |     2 |     5 |     5 |     2 |     1 |       ||    15
       Confused          |       |       |       |     7 |     3 |     1 |     2 |       ||    13
       Paralysed         |       |       |       |       |    12 |     9 |     9 |     4 ||    34
Armor: Robe              |    15 |    15 |    34 |     5 |    15 |   199 |    53 |       ||   336
       Ring mail         |       |       |       |    87 |       |       |       |       ||    87
       Troll leather arm |       |       |       |     3 |    92 |       |       |       ||    95
       Leather armour    |       |       |       |       |       |       |    25 |    27 ||    52
Dodge: Dodged            |    83 |   100 |   170 |   201 |   292 |   661 |   389 |   132 ||  2028

Table legend: (Time is in decaauts)
 A = Elapsed time spent in this place.
 B = Non-inter-level travel time spent in this place.
 C = Inter-level travel time spent in this place.
 D = Time resting spent in this place.
 E = Time spent auto-exploring this place.
 F = Levels seen in this place.
 G = Mean time per level.
                   A        B        C        D        E       F      G
               +--------+--------+--------+--------+--------+-----+--------+
         Total |  67918 |  64626 |   3292 |   9587 |  41070 |  42 | 1617.1 |
       Dungeon |  25339 |  24096 |   1243 |   2038 |  18044 |  15 | 1689.3 |
        Temple |    268 |    237 |     31 |      0 |    222 |   1 |  268.0 |
          Lair |  10179 |   9678 |    501 |   1025 |   6944 |   6 | 1696.5 |
     Snake Pit |   5960 |   5693 |    267 |    547 |   3683 |   4 | 1490.0 |
   Spider Nest |   8445 |   8039 |    406 |   2931 |   3354 |   4 | 2111.2 |
  Orcish Mines |   4639 |   4262 |    377 |    624 |   2444 |   2 | 2319.5 |
   Elven Halls |   6652 |   6247 |    405 |   1506 |   3162 |   3 | 2217.3 |
        Depths |   4097 |   4039 |     58 |    603 |   2220 |   4 | 1024.2 |
        Bailey |    744 |    744 |      0 |    102 |    419 |   1 |  744.0 |
       Volcano |    739 |    739 |      0 |    168 |    289 |   1 |  739.0 |
      Gauntlet |    852 |    852 |      0 |     43 |    287 |   1 |  852.0 |
               +--------+--------+--------+--------+--------+-----+--------+

Top non-repeatable levels by time:
   Orc:2: 3498 daAuts
   Elf:3: 2852 daAuts
Spider:3: 2442 daAuts
  Lair:6: 2413 daAuts
     D:3: 2413 daAuts
   Elf:2: 2348 daAuts
Spider:2: 2143 daAuts
Spider:4: 2107 daAuts
     D:9: 2063 daAuts
     D:6: 2038 daAuts
  Lair:3: 2003 daAuts
    D:11: 1932 daAuts
    D:12: 1923 daAuts
     D:8: 1873 daAuts
 Snake:4: 1809 daAuts
